 Dungeon Crawl Stone Soup version 0.23-a0-519-ga799fc4 (webtiles) character file.

58 tidbits the Caller (level 4, -1/32 HPs)
             Began as a Gnoll Summoner on Dec 6, 2018.
             Slain by a hippogriff (8 damage)
             ... on level 2 of the Dungeon.
             The game lasted 00:06:50 (675 turns).

tidbits the Caller (Gnoll Summoner)                  Turns: 675, Time: 00:06:50

Health: -1/32      AC:  3    Str: 10    XL:     4   Next: 2%
Magic:  7/11       EV: 15    Int: 18    God:
Gold:   65         SH:  0    Dex: 16    Spells: 3/13 levels left

rFire    . . .     SeeInvis .   a - +0 dagger
rCold    . . .     Gourm    .   (no shield)
rNeg     . . .     Faith    .   d - +0 robe
rPois    .         Spirit   .   (no helmet)
rElec    .         Reflect  .   C - +0 cloak
rCorr    +         Harm     .   (no gloves)
MR       .....                  (no boots)
Stlth    +++.......             (no amulet)
HPRegen  0.10/turn              K - ring of resist corrosion
MPRegen  0.12/turn              (no ring)

@: no status effects
A: distributed training, fangs 1, strong nose
a: no special abilities


You were on level 2 of the Dungeon.
You were not hungry.

You visited 1 branch of the dungeon, and saw 3 of its levels.

You collected 65 gold pieces.

Inventory:

Hand Weapons
 a - a +0 dagger (weapon)
 b - a +0 short sword
 f - a +0 hand axe
 g - a +0 vampiric dagger
   (You took it off a goblin on level 1 of the Dungeon)
 h - a +0 hunting sling
Missiles
 j - 8 stones (quivered)
Armour
 d - a +0 robe (worn)
 C - a +0 cloak (worn)
Jewellery
 i - a -5 ring of intelligence
   (You found it on level 1 of the Dungeon)
 K - a ring of resist corrosion (left hand)
   (You found it on level 2 of the Dungeon)
Scrolls
 l - a scroll of teleportation {unknown}
 r - 2 scrolls of remove curse
Potions
 e - a potion of degeneration {unknown}
 k - a potion of curing
Comestibles
 c - 2 rations


   Skills:
 + Level 1.0 Fighting
 + Level 1.0 Short Blades
 + Level 1.0 Long Blades
 + Level 1.0 Axes
 + Level 1.0 Maces & Flails
 + Level 1.0 Polearms
 + Level 1.0 Staves
 + Level 1.0 Slings
 + Level 1.0 Bows
 + Level 1.0 Crossbows
 + Level 1.0 Throwing
 + Level 1.0 Armour
 + Level 4.6 Dodging
 + Level 4.2 Stealth
 + Level 1.0 Shields
 + Level 1.0 Unarmed Combat
 + Level 5.0 Spellcasting
 + Level 0.7 Conjurations
 + Level 0.7 Hexes
 + Level 0.7 Charms
 + Level 7.1 Summonings
 + Level 0.7 Necromancy
 + Level 0.7 Translocations
 + Level 0.7 Transmutations
 + Level 0.7 Fire Magic
 + Level 0.7 Ice Magic
 + Level 0.7 Air Magic
 + Level 0.7 Earth Magic
 + Level 0.7 Poison Magic
 + Level 1.0 Invocations
 + Level 1.0 Evocations


You had 3 spell levels left.
You knew the following spells:

 Your Spells              Type           Power        Failure   Level  Hunger
a - Summon Small Mammal   Summ           ####         1%          1    None
c - Call Canine Familiar  Summ           ####....     2%          3    ##.....
i - Call Imp              Summ           ####....     1%          2    #......
L - Summon Lightning Spi  Summ/Air       ###.....     26%         4    ####...

Your spell library contained the following spells:

 Spells                   Type           Power        Failure   Level  Hunger
 Summon Guardian Golem    Hex/Summ       ###.....     8%          3    ##.....
 Summon Ice Beast         Ice/Summ       ###.....     26%         4    ####...


Dungeon Overview and Level Annotations

Branches:
Dungeon (3/15)

Altars:


Innate Abilities, Weirdness & Mutations

Your experience applies equally to all skills.
You have very sharp teeth.
Your uncanny sense of smell can sniff out nearby items.


Message History

Unknown command.
A rat comes into view.
Unknown command.
Unknown command.
Found 5 poisoned needles.
Unknown command.
Unknown command.
Unknown command.
The rat barely misses you.
Unknown command.
Casting: Summon Small Mammal (safe; 1% risk of failure)
Confirm with . or Enter, or press ? or * to list all spells.
The rat bites you but does no damage.
Unknown command.
You hit the rat. You bite the rat, but do no damage.
The rat is moderately wounded.
The rat bites you.
* * * LOW HITPOINT WARNING * * *
Your hound closely misses the rat.
You barely miss the rat.
The rat is moderately wounded.
Your hound bites the rat.
The rat dies!
You miss the butterfly. What are your orders? t - Bark!
Orders for allies: a - Attack new target. r - Retreat! s - Stop attacking. g - Guard the area. f - Follow me.
Anything else - Cancel.
Gang up on whom?
Press: ? - help, Dir - move target cursor, f - rat
Aim: a rat Attack!
Your hound barely misses the rat.
Your hound bites the rat but does no damage.
Your hound completely misses the butterfly.
You hit the rat.
You kill the rat!
Your hound bites the butterfly.
The butterfly dies!
Found a brown potion.
Unknown command.
You see here a brown potion.
k - 2 brown potions (gained 1)
You swap places.
A hippogriff comes into view.
The hippogriff screeches!
Your hound disappears in a puff of smoke!
Casting: Call Canine Familiar (safe; 2% risk of failure)
Confirm with . or Enter, or press ? or * to list all spells.
You don't know that spell.
Unknown command.
Adjust (i)tems, (s)pells, or (a)bilities?
Adjust which spell? b - Summon Lightning Spire Adjust to which letter?
L - Summon Lightning Spire Unknown command.
Casting: Call Canine Familiar (safe; 2% risk of failure)
Confirm with . or Enter, or press ? or * to list all spells.
Aiming: Summon Lightning Spire (quite dangerous; 26% risk of failure)
Press: ? - help, Dir - move target cursor An electric hum fills the air.
Unknown command.
Wield which item (- for none, * to show all)? (? for menu, Esc to quit)
h - a +0 hunting sling (weapon)
Firing (i - inventory)
j - 10 stones (quivered)
Press: ? - help, Shift-Dir - straight line, f - hippogriff
Aim: a hippogriff You shoot a stone.
The stone hits the hippogriff.
The hippogriff is lightly wounded.
Firing (i - inventory)
j - 9 stones (quivered)
Press: ? - help, Shift-Dir - straight line, f/p - hippogriff
Aim: a hippogriff (lightly wounded)
You shoot a stone. The stone hits the hippogriff.
The hippogriff is lightly wounded.
Wield which item (- for none, * to show all)? (? for menu, Esc to quit)
a - a +0 dagger (weapon)
A jackal comes into view.
You hit the hippogriff.
The hippogriff is moderately wounded.
The hippogriff bites you!
* * * LOW HITPOINT WARNING * * *
The hippogriff pecks you.
* * * LOW HITPOINT WARNING * * *
The hippogriff claws you.
* * * LOW HITPOINT WARNING * * *
It was a potion of curing.
You feel better. The hippogriff bites you.
* * * LOW HITPOINT WARNING * * *
The hippogriff pecks you.
* * * LOW HITPOINT WARNING * * *
The hippogriff claws you.
* * * LOW HITPOINT WARNING * * *
You barely miss the hippogriff.
The hippogriff is moderately wounded.
The hippogriff bites you.
* * * LOW HITPOINT WARNING * * *
The hippogriff misses you. The hippogriff claws you!
You die...

#.#.#...... #....# ####.#
############.#
#............##
#.............#
########........h.†..#
#..............8.....#
#.............@H.((...#
#...................#.#
#...........(...b.......
#...................##...
########...########.# ..
#...# .# #...# # #...#
#...#


You could see a hippogriff, a jackal and a friendly lightning spire.

Vanquished Creatures
  An ooze (D:2)
  2 bats (D:1)
  5 goblins
  A kobold (D:1)
  2 rats
11 creatures vanquished.

Vanquished Creatures (collateral kills)
  4 adders (D:2)
  An ooze (D:1)
  A dart slug (D:2)
  4 goblins
  2 hobgoblins
  5 jackals
  A quokka (D:2)
  3 bats
  A frilled lizard (D:2)
  2 kobolds (D:1)
  6 rats
  A butterfly (D:2)
31 creatures vanquished.

Grand Total: 42 creatures vanquished

Notes
Turn   | Place    | Note
-------+----------+-------------------------------------------
     0 | D:1      | tidbits the Gnoll Summoner began the quest for the Orb.
     0 | D:1      | Reached XP level 1. HP: 13/13 MP: 6/6
   127 | D:1      | Reached XP level 2. HP: 19/19 MP: 5/7
   376 | D:2      | Learned a level 2 spell: Call Imp
   388 | D:2      | Reached XP level 3. HP: 12/25 MP: 5/9
   394 | D:2      | Learned a level 3 spell: Call Canine Familiar
   405 | D:2      | Reached skill level 5 in Spellcasting
   411 | D:2      | Found a faded altar of an unknown god.
   552 | D:2      | Reached skill level 1 in Invocations
   608 | D:2      | Reached skill level 1 in Fighting
   608 | D:2      | Reached skill level 1 in Short Blades
   608 | D:2      | Reached skill level 1 in Long Blades
   608 | D:2      | Reached skill level 1 in Axes
   608 | D:2      | Reached skill level 1 in Maces & Flails
   608 | D:2      | Reached skill level 1 in Polearms
   608 | D:2      | Reached skill level 1 in Staves
   608 | D:2      | Reached skill level 1 in Slings
   608 | D:2      | Reached skill level 1 in Bows
   608 | D:2      | Reached skill level 1 in Crossbows
   608 | D:2      | Reached skill level 1 in Throwing
   608 | D:2      | Reached skill level 1 in Armour
   608 | D:2      | Reached skill level 1 in Shields
   608 | D:2      | Reached skill level 1 in Unarmed Combat
   608 | D:2      | Reached skill level 1 in Evocations
   609 | D:2      | Reached XP level 4. HP: 15/32 MP: 7/11
   615 | D:2      | Learned a level 4 spell: Summon Lightning Spire
   667 | D:2      | Noticed a hippogriff
   675 | D:2      | Slain by a hippogriff

Vault maps used:
D:1:      psy_arrival_radial02, minmay_bisected
D:2:      minmay_evil_eye, xom_butterflies,
          chequers_ecumenical_altar_simple_redux
D:3:      minmay_misc_feat_nine_boxes, chequers_serial_rivers_room_a, hex_large,
          led_sif_pool

Skill      XL: |  1  2  3 |
---------------+----------+-----
Spellcasting   | 5 |  5.0
Invocations    | 1 |  1.0
Fighting       | 1 |  1.0
Short Blades   | 1 |  1.0
Long Blades    | 1 |  1.0
Axes           | 1 |  1.0
Maces & Flails | 1 |  1.0
Polearms       | 1 |  1.0
Staves         | 1 |  1.0
Slings         | 1 |  1.0
Bows           | 1 |  1.0
Crossbows      | 1 |  1.0
Throwing       | 1 |  1.0
Armour         | 1 |  1.0
Shields        | 1 |  1.0
Unarmed Combat | 1 |  1.0
Evocations     | 1 |  1.0
Dodging        | |  4.6
Stealth        | |  4.2
Conjurations   | |  0.7
Hexes          | |  0.7
Charms         | |  0.7
Summonings     | |  7.1
Necromancy     | |  0.7
Translocations | |  0.7
Transmutations | |  0.7
Fire Magic     | |  0.7
Ice Magic      | |  0.7
Air Magic      | |  0.7
Earth Magic    | |  0.7
Poison Magic   | |  0.7

Action                   |  1- 3 |  4- 6 || total
-------------------------+-------+-------++-------
Melee: Short sword       |    30 |       ||    30
       Unarmed           |     2 |       ||     2
       Bite              |     2 |     1 ||     3
       Dagger            |     6 |     6 ||    12
 Fire: Hunting sling     |     2 |     2 ||     4
 Cast: Summon Small Mamm |    23 |       ||    23
       Call Imp          |     3 |       ||     3
       Call Canine Famil |     3 |     1 ||     4
       Summon Lightning  |       |     1 ||     1
  Use: Scroll            |     2 |       ||     2
       Potion            |       |     1 ||     1
 Stab: Sleeping          |     4 |       ||     4
Armor: Robe              |     9 |     1 ||    10
Dodge: Dodged            |    35 |     2 ||    37

Table legend:
 A = Non-vault XP
 B = Vault XP
 C = Vault XP percentage of total XP
 D = Non-vault monster count
 E = Vault monster count
 F = Vault count percentage of total count
                 A         B        C        D         E       F
            +---------+---------+-------+---------+---------+-------
      Total |      74 |      10 |  11.9 |      32 |       9 |  22.0
            +---------+---------+-------+---------+---------+-------
        D:1 |      21 |       5 |  19.2 |      13 |       4 |  23.5
        D:2 |      51 |       5 |   8.9 |      17 |       5 |  22.7
        D:3 |       2 |       0 |   0.0 |       2 |       0 |   0.0
            +---------+---------+-------+---------+---------+-------

Table legend:
 A = Turns spent in this place as a percentage of turns spent in the entire game.
 B = Non-inter-level travel turns spent in this place as a percentage of non-inter-level travel turns spent in the entire game.
 C = Inter-level travel turns spent in this place as a percentage of turns spent in this place.
 D = Turns resting spent in this place as a percentage of non-inter-level travel turns spent in this place.
 E = Turns spent auto-exploring this place as a percentage of non-inter-level travel turns spent in this place.
 F = Non-inter-level travel turns spent in this place divided by the number of levels of this place that you've seen.
                   A       B       C       D       E      F
               +-------+-------+-------+-------+-------+----------------------
         Total | 100.0 | 100.0 |   0.0 |   0.0 |   0.0 | 225.0
       Dungeon | 100.0 | 100.0 |   0.0 |   0.0 |   0.0 | 225.0
               +-------+-------+-------+-------+-------+----------------------

Table legend:
 A = Kills in this place as a percentage of kills in entire the game.
 B = Kills by you in this place as a percentage of kills by you in the entire game.
 C = Kills by friends in this place as a percentage of kills by friends in the entire game.
 D = Other kills in this place as a percentage of other kills in the entire game.
 E = Experience gained in this place as a percentage of experience gained in the entire game.
 F = Experience gained in this place divided by the number of levels of this place that you have seen.
                   A       B       C       D       E      F
               +-------+-------+-------+-------+-------+----------------------
         Total | 100.0 | 100.0 | 100.0 |   N/A | 100.0 |  28.0
       Dungeon | 100.0 | 100.0 | 100.0 |   N/A | 100.0 |  28.0
               +-------+-------+-------+-------+-------+----------------------

Vault maps used:
D:1:      psy_arrival_radial02, minmay_bisected
D:2:      minmay_evil_eye, xom_butterflies,
          chequers_ecumenical_altar_simple_redux
D:3:      minmay_misc_feat_nine_boxes, chequers_serial_rivers_room_a, hex_large,
          led_sif_pool
